 Dungeon Sprint DCSS version 0.31-a0-931-g7b59d4eb97 (webtiles) character file.

Game seed: 14030316084989284136

1303 rocky1 the Martial Artist (level 8, -4/62 HPs)
             Began as a Djinni Shapeshifter on Oct 20, 2023.
             Was an Initiate of Gozag.
             Slain by a sea snake (14 damage)
             ... in the Dungeon (Sprint VII: "The Pits").
             The game lasted 00:03:52 (1345 turns).

rocky1 the Martial Artist (Djinni Shapeshifter)     Turns: 1345, Time: 00:03:53

Health: -4/62      AC: 10    Str: 13    XL:     8   Next: 87%
Gold:   1872       EV: 12    Int: 12    God:    Gozag SH:  0 Dex: 15

rFire   + +          .
                       - Unarmed
rCold   x . .        (no shield)
rNeg    . . .        m - +3 scale mail
rPois   ∞            (helmet currently unavailable)
rElec   .            (cloak currently unavailable)
rCorr   .            (gloves currently unavailable)
SInv    .            (boots unavailable)
Will    .....        (no amulet) Stlth
                     (no ring)
HPRegen 0.30/turn    (no ring)
MPRegen 0.00/turn

%: no teleportation, infuse magic (-5 HP)
@: beast-form, gold aura, flying
A: beast (slay +4), flying, sickness immunity, fire resistance 2, cold
vulnerability 1, float, innate caster, HP casting, extra vitality 1
a: Begin Untransformation, Renounce Religion, Potion Petition, Call Merchant,
Bribe Branch


You were in the Dungeon.
You worshipped Gozag.
Gozag was most pleased with you.
You were a hulking beast.
You visited 1 branch You collected 1872 gold pieces.

Inventory:

Missiles
 s - a curare-tipped dart
Armour
 m - a +3 scale mail (worn)
 r - a +4 chain mail
Jewellery
 a - a +3 ring of evasion
 q - a +3 ring of protection
Talismans
 c - a beast talisman (active)
 d - a flux talisman
Scrolls
 i - a scroll of blinking
 k - 2 scrolls of vulnerability
 l - a scroll of summoning
Potions
 b - a potion of lignification
 e - 5 potions of curing
 f - 8 potions of heal wounds
 g - 2 potions of haste
 h - 2 potions of berserk rage
 j - 2 potions of invisibility
 n - 2 potions of brilliance
 o - 2 potions of mutation
 p - 2 potions of resistance


   Skills:
 + Level 6.6 Fighting
 + Level 6.5 Armour
 + Level 7.6 Dodging
 * Level 10.0 Unarmed Combat
 + Level 3.8 Spellcasting
 + Level 3.8 Conjurations
 + Level 3.8 Hexes
   Level 0.0 Charms
 + Level 3.8 Summonings
 + Level 3.8 Necromancy
 + Level 3.8 Translocations
 + Level 3.8 Transmutations
 + Level 3.8 Fire Magic
 + Level 3.8 Ice Magic
 + Level 3.8 Air Magic
 + Level 3.8 Earth Magic
 + Level 3.8 Poison Magic
 * Level 8.5 Shapeshifting


You knew the following spells:

 Your Spells              Type           Power      Damage    Failure   Level
a - Freeze                Ice            44%        1d6       19%         1
b - Wereblood             Tmut           11%        N/A       28%         2
c - Call Imp              Summ           22%        N/A       28%         2
Your spell library was empty.

Dungeon Overview and Level Annotations

Branches:
Dungeon (1/1)

Altars:
Ashenzari
Cheibriados
Dithmenos
Elyvilon
Fedhas
Gozag
Hepliaklqana
Makhleb
Nemelex Xobeh
Okawaru
Qazlal
Ru
Trog
Uskayaw
Wu Jian
Xom
Yredelemnul
Zin
The Shining One
Jiyva
Lugonu


Innate Abilities, Weirdness & Mutations

You are a hulking beast.
Your limbs bulge with bestial killing power. (Slay +4)
You are flying.
You are immune to sickness and miasma.
You are immune to poison.
Your flesh is very heat resistant. (rF++)
You are vulnerable to cold. (rC-)
You float through the air rather than walking.
You learn spells naturally, not from books.
Your magical power is your life essence.
You have superior vitality. (+4 MHP)


Message History

The steam dragon closely misses you. The steam dragon claws you.
* * * LOW HITPOINT WARNING * * *
Unknown command.
You feel much better. The sea snake barely misses you.
The steam dragon breathes steam at you. The ball of steam misses you.
Unknown command.
You hit the steam dragon but do no damage.
Your punch misses the steam dragon.
The steam dragon is almost dead.
The sea snake completely misses you.
You hit the steam dragon.
You kill the steam dragon!
The sea snake bites you!
Your Unarmed Combat skill increases to level 10!
Unknown command.
You punch the sea snake!
The sea snake is moderately wounded.
The sea snake closely misses you.
You miss the sea snake.
The sea snake is moderately wounded.
The sea snake bites you!
You hit the sea snake.
The sea snake is moderately wounded.
The sea snake closely misses you.
You completely miss the sea snake.
The sea snake is moderately wounded.
The sea snake bites you!
* * * LOW HITPOINT WARNING * * *
You closely miss the sea snake.
The sea snake is moderately wounded.
The sea snake bites you but does no damage.
You punch the sea snake!
The sea snake is heavily wounded.
The sea snake completely misses you.
You barely miss the sea snake.
The sea snake is heavily wounded.
The sea snake bites you!
You die...
Your body crumbles into a pile of gold.

__...###########++######
####'##................#
)))'.##......#..#......#
####.##................+
......'................+
#'#####......#..#......#
#.#[[##........).......#
#)#))#####'#####''######
).#))##.......##h'#
###))##.......##$S#
..#..##.......##..#
..#'###...<...##..#
.....##.......##..#
.....##.......##..#
#######.......##...
..#..###########...
..#.############...#


You could see a sea snake.

Vanquished Creatures
  A molten gargoyle (D)
  A red devil (D)
  A steam dragon (D)
  A vampire mosquito (D)
  A floating eye (D)
  A sky beast (D)
  2 kobold brigands (D)
  A scorpion (D)
  A crimson imp (D)
  An orc priest (D)
  A mummy (D)
  A gnoll (D)
  An adder zombie (D)
  9 orcs (D)
  2 ball pythons (D)
  2 bats (D)
  2 endoplasms (D)
  A giant cockroach (D)
  2 goblins (D)
  2 kobolds (D)
34 creatures vanquished.

Notes
Turn   | Place    | Note
-------+----------+-------------------------------------------
     0 | D        | rocky1 the Djinni Shapeshifter began the quest for the Orb.
     0 | D        | Reached XP level 1. HP: 17/17 MP: 0/0
    21 | D        | Found a bloodstained altar of Trog.
    21 | D        | Found a viscous altar of Jiyva.
    21 | D        | Found a hazy altar of Hepliaklqana.
    21 | D        | Found an opulent altar of Gozag.
    22 | D        | Found a glowing golden altar of the Shining One.
    22 | D        | Found a glowing silver altar of Zin.
    22 | D        | Found a basalt altar of Yredelemnul.
    22 | D        | Found a shimmering altar of Xom.
    22 | D        | Found an ornate altar of the Wu Jian Council.
    22 | D        | Found a sacrificial altar of Ru.
    22 | D        | Found a stormy altar of Qazlal.
    22 | D        | Found an iron altar of Okawaru.
    22 | D        | Found a sparkling altar of Nemelex Xobeh.
    22 | D        | Found a burning altar of Makhleb.
    22 | D        | Found a blossoming altar of Fedhas.
    22 | D        | Found a white marble altar of Elyvilon.
    22 | D        | Found a shadowy altar of Dithmenos.
    22 | D        | Found a snail-covered altar of Cheibriados.
    24 | D        | Found a corrupted altar of Lugonu.
    26 | D        | Found a hide-covered altar of Uskayaw.
    26 | D        | Found a broken altar of Ashenzari.
    29 | D        | Became a worshipper of Gozag Ym Sagoz the Greedy
   189 | D        | Reached skill level 1 in Armour
   192 | D        | Reached XP level 2. HP: 13/22 MP: 0/0
   232 | D        | Noticed a crimson imp
   235 | D        | Noticed a floating eye
   247 | D        | Paralysed by a floating eye for 3 turns
   255 | D        | Paralysed by a floating eye for 3 turns
   259 | D        | Killed a floating eye
   260 | D        | Reached skill level 5 in Unarmed Combat
   260 | D        | Reached XP level 3. HP: 13/30 MP: 0/0
   260 | D        | Learned a level 1 spell: Freeze
   260 | D        | Reached XP level 4. HP: 15/35 MP: 0/0
   260 | D        | Reached XP level 5. HP: 17/40 MP: 0/0
   260 | D        | Learned a level 2 spell: Wereblood
   263 | D        | Reached skill level 6 in Unarmed Combat
   263 | D        | Reached skill level 5 in Shapeshifting
   461 | D        | Reached skill level 5 in Dodging
   461 | D        | Reached skill level 1 in Spellcasting
   461 | D        | Reached skill level 1 in Conjurations
   461 | D        | Reached skill level 1 in Hexes
   461 | D        | Reached skill level 1 in Summonings
   461 | D        | Reached skill level 1 in Necromancy
   461 | D        | Reached skill level 1 in Translocations
   461 | D        | Reached skill level 1 in Transmutations
   461 | D        | Reached skill level 1 in Fire Magic
   461 | D        | Reached skill level 1 in Ice Magic
   461 | D        | Reached skill level 1 in Air Magic
   461 | D        | Reached skill level 1 in Earth Magic
   461 | D        | Reached skill level 1 in Poison Magic
   461 | D        | Reached XP level 6. HP: 28/47 MP: 0/0
   467 | D        | Reached skill level 7 in Unarmed Combat
   748 | D        | Noticed a vampire mosquito
   751 | D        | Killed a vampire mosquito
   752 | D        | Reached skill level 5 in Fighting
   752 | D        | Reached XP level 7. HP: 54/54 MP: 0/0
   752 | D        | Learned a level 2 spell: Call Imp
   765 | D        | Reached skill level 5 in Armour
   765 | D        | Reached skill level 8 in Unarmed Combat
   893 | D        | Noticed a molten gargoyle
   893 | D        | Noticed a red devil
   904 | D        | Killed a red devil
   905 | D        | Reached skill level 9 in Unarmed Combat
   905 | D        | Reached XP level 8. HP: 42/61 MP: 0/0
   909 | D        | Killed a molten gargoyle
   917 | D        | HP: 3/62 [barbs]
  1301 | D        | Noticed a sea snake
  1339 | D        | Reached skill level 10 in Unarmed Combat
  1345 | D        | Slain by a sea snake

Illustrated notes

Levels and vault maps discovered:
D:        pitsprint [storerooms_1, entrance_room_1, metal_vault_3, armoury_2,
          mini_pit_1, grid_room_1, main_hall_1, silver_pit, the_coven_1,
          the_vestibule_1, steel_vault_5, golden_pit, hallway_of_sentries,
          crystal_vault_2, iron_vault_2, final_vault]

Skill      XL: |  1  2  3  4  5  6  7  8 |
---------------+-------------------------+-----
Shapeshifting  | 3 4 5 6 7 8 |  8.5
Armour         | 1 3 4 5 6 |  6.5
Fighting       | 3 4 5 6 |  6.6
Dodging        | 4 5 6 7 |  7.6
Unarmed Combat | 5 6 7 9 10 | 10.0
Spellcasting   | 1 2 3 |  3.8
Conjurations   | 1 2 3 |  3.8
Hexes          | 1 2 3 |  3.8
Summonings     | 1 2 3 |  3.8
Necromancy     | 1 2 3 |  3.8
Translocations | 1 2 3 |  3.8
Transmutations | 1 2 3 |  3.8
Fire Magic     | 1 2 3 |  3.8
Ice Magic      | 1 2 3 |  3.8
Air Magic      | 1 2 3 |  3.8
Earth Magic    | 1 2 3 |  3.8
Poison Magic   | 1 2 3 |  3.8

Action                     |  1- 3 |  4- 6 |  7- 9 || total
---------------------------+-------+-------+-------++-------
  Melee: Unarmed           |    27 |    62 |    50 ||   139
         Punch             |     1 |     3 |     4 ||     8
    Use: Potion            |       |     1 |     5 ||     6
 Armour: Animal skin       |    13 |     2 |       ||    15
         Scale mail        |       |    29 |    32 ||    61
  Dodge: Dodged            |    11 |    28 |    25 ||    64

Table legend: (Time is in decaauts)
 A = Elapsed time spent in this place.
 B = Non-inter-level travel time spent in this place.
 C = Inter-level travel time spent in this place.
 D = Time resting spent in this place.
 E = Time spent auto-exploring this place.
 F = Levels seen in this place.
 G = Mean time per level.
                   A        B        C        D        E       F      G
               +--------+--------+--------+--------+--------+-----+--------+
         Total |   1336 |   1273 |     63 |    856 |      0 |   1 | 1336.0 |
       Dungeon |   1336 |   1273 |     63 |    856 |      0 |   1 | 1336.0 |
               +--------+--------+--------+--------+--------+-----+--------+

Top non-repeatable levels by time:
       D: 1336 daAuts
